 Dungeon Crawl Stone Soup version 0.17-a0-491-gbd49765 (webtiles) character file.

567 Radiman the Cleaver (level 7, -1/57 HPs)
             Began as a Hill Orc Berserker on Apr 10, 2015.
             Was a Priest of Trog.
             Slain by Grinder (3 damage)
             ... on level 5 of the Dungeon.
             The game lasted 00:13:27 (4010 turns).

Radiman the Cleaver (Hill Orc Berserker)            Turns: 4010, Time: 00:13:27

Health: -1/57      AC: 10    Str: 22    XL:     7   Next: 33%
Magic:  7/7        EV:  9    Int: 10    God:    Trog [***...]
Gold:   177        SH:  0    Dex: 10    Spells: 0 memorised, 6 levels left

rFire  . . .     SeeInvis .     a - +0 hand axe
rCold  . . .     Clarity  .     v - +0 plate armour
rNeg   . . .     SustAb   .     (no shield)
rPois  .         Gourm    +     (no helmet)
rElec  .         Spirit   .     (no cloak)
rCorr  .         Warding  .     (no gloves)
rMut   .         Stasis   .     (no boots)
MR     .....                    p - amulet of the gourmand
Stlth  ..........               A - +3 ring of intelligence
                                h - +3 ring of evasion

@: exhausted, slowed, very slow, not resistant to hostile enchantments,
extremely unstealthy
A: no striking features
a: Burn Spellbooks, Berserk, Trog's Hand, Renounce Religion


You were on level 5 of the Dungeon.
You worshipped Trog.
Trog was most pleased with you.
You were very full.

You visited 2 branches of the dungeon, and saw 6 of its levels.

You collected 177 gold pieces.

Inventory:

Hand weapons
 a - a +0 hand axe (weapon)
Missiles
 f - 29 poisoned needles
Armour
 v - a +0 plate armour (worn)
Jewellery
 h - a +3 ring of evasion (left hand)
 p - an amulet of the gourmand (around neck)
 A - a +3 ring of intelligence (right hand)
Magical devices
 B - a wand of paralysis (12)
Scrolls
 b - 2 scrolls of remove curse {unknown}
 d - 3 scrolls of teleportation {unknown}
 i - 2 scrolls of magic mapping {unknown}
 k - 4 scrolls of enchant weapon {unknown}
 m - 2 scrolls of identify {unknown}
 r - 2 scrolls of recharging {unknown}
 t - 2 scrolls of enchant armour {unknown}
 x - a scroll of immolation {unknown}
 y - 3 scrolls of noise {unknown}
Potions
 e - 2 potions of flight {unknown}
 j - a potion of invisibility {unknown}
 n - a potion of curing {unknown}
 o - 3 potions of heal wounds {unknown}
 q - a potion of lignification {unknown}
 s - a potion of haste {unknown}
 z - a potion of poison {unknown}
Comestibles
 c - 2 bread rations
 g - 4 chunks of flesh
 l - 4 meat rations
 u - 8 fruits
 w - a royal jelly


   Skills:
 - Level 3.6 Fighting
 * Level 10.6 Axes
 - Level 2.1 Armour
 - Level 1.5 Dodging


You had 6 spell levels left.
You didn't know any spells.

Dungeon Overview and Level Annotations

Branches:
Dungeon (5/15)             Temple (1/1) D:4

Altars:
Ashenzari
Cheibriados
Dithmenos
Elyvilon
Fedhas
Gozag
Okawaru
Qazlal
Ru
Sif Muna
Trog
Vehumet
Yredelemnul
Zin

Annotations:
D:5 Grinder


Message History

Grinder is heavily wounded.
Grinder hits you.
You writhe in agony.
You barely miss Grinder.
Grinder is heavily wounded.
Grinder gestures at you. Pain shoots through your body!
* * * LOW HITPOINT WARNING * * *
Grinder barely misses you.
You hit Grinder.
Grinder is heavily wounded.
Grinder hits you.
* * * LOW HITPOINT WARNING * * *
You writhe in agony.
* * * LOW HITPOINT WARNING * * *
You hit Grinder.
Grinder is severely wounded.
Grinder hits you.
* * * LOW HITPOINT WARNING * * *
You writhe in agony.
You die...

#... #.# #.## .# ##.##########.##
.. #...#......#...# # .###
#...#.####..###. #... ...#
#..........## ##
....#.#.######...#.##.)## #
###.#...#.##.<...........#
.............@5.....)...## # .
#........##...........#..## ##
..##.?......####.#...#.###.#.###.
........#..# #.#.........##...#
#..##.#..# #.#...#.#######.##
#>.......# #.#...#.# #..#
#...5...## #.......# #.##
#####.### ....#.#### #.#
.#######.# #....# #.#


You could see Grinder.

Vanquished Creatures
  The ghost of Protee the Magician, an average DsWz (D:4)
  An ice beast (D:5)
  A giant frog zombie (D:5)
  A jelly (D:4)
  Jessica (D:2)
  2 worker ants (D:4)
  4 gnolls (D:4)
  5 adders
  A shadow imp (D:5)
  2 worms
  An ooze (D:1)
  11 orcs
  4 giant cockroaches
  11 goblins
  14 hobgoblins
  7 jackals
  A ball python (D:1)
  8 bats
  3 giant geckos (D:3)
  4 giant newts
  14 kobolds
  8 rats
  2 toadstools (D:1)
107 creatures vanquished.

Vanquished Creatures (others)
  2 toadstools (D:1)
2 creatures vanquished.

Grand Total: 109 creatures vanquished

Notes
Turn   | Place    | Note
--------------------------------------------------------------
     0 | D:1      | Radiman, the Hill Orc Berserker, began the quest for the Orb.
     0 | D:1      | Reached XP level 1. HP: 19/19 MP: 1/1
   294 | D:1      | Reached XP level 2. HP: 17/26 MP: 2/2
   461 | D:1      | Reached skill level 5 in Axes
   639 | D:1      | Reached XP level 3. HP: 31/31 MP: 3/3
   821 | D:2      | Acquired Trog's second power
  1012 | D:2      | Reached skill level 6 in Axes
  1169 | D:2      | Reached XP level 4. HP: 26/39 MP: 4/4
  1275 | D:2      | Found a stormy altar of Qazlal.
  1396 | D:2      | Noticed Jessica
  1406 | D:2      | Killed Jessica
  1631 | D:3      | Reached skill level 7 in Axes
  1736 | D:3      | Reached XP level 5. HP: 41/45 MP: 5/5
  2469 | D:4      | Reached skill level 8 in Axes
  2547 | D:4      | Reached XP level 6. HP: 47/51 MP: 6/6
  2787 | D:4      | Noticed Protee's ghost (average DsWz)
  2827 | D:5      | Entered Level 5 of the Dungeon
  2844 | D:5      | Reached skill level 9 in Axes
  2854 | D:5      | Noticed Grinder
  2857 | D:5      | Paralysed by Grinder for 2 turns
  2891 | D:4      | Killed Protee's ghost
  2891 | D:4      | Reached skill level 10 in Axes
  2891 | D:4      | Reached XP level 7. HP: 57/57 MP: 7/7
  3463 | D:4      | Found a staircase to the Ecumenical Temple.
  3480 | Temple   | Entered the Ecumenical Temple
  3617 | D:4      | Found a blossoming altar of Fedhas.
  3986 | D:5      | Paralysed by Grinder for 7 turns
  4010 | D:5      | HP: 2/57 [Grinder (2)]
  4010 | D:5      | Slain by Grinder

Action                   |  1- 3 |  4- 6 |  7- 9 || total
-------------------------+-------+-------+-------++-------
Melee: Hand axe          |   120 |   182 |   118 ||   420
Invok: Berserk           |       |     2 |     1 ||     3
       Burn Spellbooks   |       |       |     2 ||     2
  Eat: Chunk             |     1 |    22 |     4 ||    27
